 Dungeon Crawl Stone Soup version 0.28-a0-1447-ga5a8893891 (webtiles) character file.

Game seed: 5274091524132682725

17271 dolemite99 the Impaler (level 12, -6/100 HPs)
             Began as a Merfolk Gladiator on Jan 12, 2022.
             Was a Priest of Ashenzari.
             Mangled by a queen bee (11 damage)
             ... on level 3 of the Lair of Beasts.
             The game lasted 00:23:16 (20019 turns).

dolemite99 the Impaler (Merfolk Gladiator)         Turns: 20019, Time: 00:23:16

Health: -6/100     AC: 19    Str: 16    XL:     12   Next: 46%
Magic:  12/12      EV: 10    Int: 14    God:    Ashenzari [***...]
Gold:   1623       SH:  0    Dex: 16    Spells: 11/11 levels left

rFire   . . .      SeeInvis +   a - +0 glaive
rCold   . . .      Faith    .   (shield currently unavailable)
rNeg    + . .      Spirit   .   t - +1 chain mail "Cryptic Ethics" {Bglg, Cun} (curse)
rPois   +          Reflect  .   R - +0 helmet "At What Cost Knowledge?" {Bglg, Fort} (curse)
rElec   .          Harm     .   E - +2 cloak "Seeker of Ashenzari" {rCorr, Melee, Self} (curse)
rCorr   +          Rampage  .   j - +1 pair of gloves "Bound Regret" {Elem, Cun} (curse)
Will    .....      Clarity  +   (no boots)
Stlth   ..........              (no amulet)
HPRegen 0.26/turn               c - ring of Ashenzari's Stickiness {rPois rN+ Str-2 Int+6, Range, Fort} (curse)
MPRegen 0.13/turn               e - +4 ring of slaying

@: lethally poisoned (-6 -> -13), unable to read
A: (nimble swimmer 2), mertail, inability to read while threatened
a: Renounce Religion, Curse Item, Shatter the Chains


You were on level 3 of the Lair of Beasts.
You worshipped Ashenzari.
Ashenzari was most pleased with you.
You visited 3 branches of the dungeon, and saw 15 of its levels.
You also visited: Ossuary.

You collected 2070 gold pieces.
You spent 447 gold pieces at shops.

Inventory:

Hand Weapons
 a - a +0 glaive (weapon)
 b - the +11 war axe of the Hall of Blades {vorpal, rCorr Int+4}
   (You found it on level 1 of the Lair of Beasts)

   It inflicts extra damage upon your enemies.
   Int:       It affects your intelligence (+4).
   rCorr:     It protects you from acid and corrosion.
 X - a +0 trident
Missiles
 d - 4 throwing nets
 r - 4 poisoned darts (quivered)
 w - a curare-tipped dart
 D - 357 stones
 F - 6 boomerangs
Armour
 j - the cursed +1 pair of gloves "Bound Regret" (worn) {Elem, Cun}
   (You found it on level 2 of the Dungeon)

   It has a curse which improves the following skills: Elements: Fire Magic, Ice
   Magic, Air Magic and Earth Magic.
   Cunning:   Dodging and Stealth.
 q - a +0 helmet
 t - the cursed +1 chain mail "Cryptic Ethics" (worn) {Bglg, Cun}
   (You took it off an orc on level 3 of the Dungeon)

   It has a curse which improves the following skills: Beguiling: Conjurations,
   Hexes and Translocations.
   Cunning:   Dodging and Stealth.
 E - the cursed +2 cloak "Seeker of Ashenzari" (worn) {rCorr, Melee, Self}
   (You took it off Crazy Yiuf on level 4 of the Dungeon)

   It has a curse which improves the following skills: Melee Combat: Short
   Blades, Long Blades, Axes, Maces & Flails, Polearms, Staves and Unarmed
   Combat.
   Introspection: Fighting and Spellcasting.
 R - the cursed +0 helmet "At What Cost Knowledge?" (worn) {Bglg, Fort}

   It has a curse which improves the following skills: Beguiling: Conjurations,
   Hexes and Translocations.
   Fortitude: Armour and Shields.
Magical Staves
 M - a staff of death
Jewellery
 c - the cursed ring of Ashenzari's Stickiness (left hand) {rPois rN+ Str-2 Int+6, Range, Fort}
   (You found it on level 8 of the Dungeon)

   [ring of intelligence]

   Str:       It affects your strength (-2).
   Int:       It affects your intelligence (+6).
   rPois:     It protects you from poison.
   rN:        It protects you from negative energy.
   It has a curse which improves the following skills: Ranged Combat: Slings,
   Bows, Crossbows and Throwing.
   Fortitude: Armour and Shields.
 e - a +4 ring of slaying (right hand)
 k - a +6 ring of intelligence
 o - a ring of resist corrosion
 y - a ring of fire
 L - a ring of willpower
 S - a ring of protection from cold
Wands
 f - a wand of iceblast (10)
 i - a wand of acid (4)
 m - a wand of paralysis (3)
 n - a wand of flame (7)
 O - a wand of mindburst (7)
 P - a wand of digging (14)
Scrolls
 v - 12 scrolls of identify {@r1}
 G - 2 scrolls of holy word
 H - a scroll of amnesia
 I - a scroll of silence
 J - a scroll of teleportation
 K - a scroll of vulnerability
 U - a scroll of fog
 V - 2 scrolls of enchant armour
 W - a scroll of blinking
 Z - 2 scrolls of fear
Potions
 g - a potion of brilliance
 h - 7 potions of mutation
 l - 6 potions of curing
 p - a potion of cancellation
 s - 2 potions of lignification
 u - 3 potions of flight
 x - a potion of berserk rage
 z - 2 potions of magic
 A - 2 potions of resistance
 B - 3 potions of might
 C - a potion of ambrosia


   Skills:
 - Level 10.0(11.6) Fighting
 - Level 18.0(19.4) Polearms
 - Level 6.8(8.4) Throwing
 + Level 7.1(9.6) Armour
 - Level 4.0(6.2) Dodging
 - Level 6.1 Evocations


You had 11 spell levels left.
You didn't know any spells.
Your spell library contained the following spells:

 Spells                   Type           Power      Damage    Failure   Level
 Apportation              Tloc           0%         N/A       95%         1
 Foxfire                  Conj/Fire      0%         2x1d4     96%         1
 Animate Skeleton         Necr           0%         N/A       97%         1
 Summon Small Mammal      Summ           0%         N/A       97%         1
 Static Discharge         Conj/Air       0%         N/A       99%         2
 Conjure Flame            Conj/Fire      0%         6-21      100%        3
 Inner Flame              Hex/Fire       0%         N/A       100%        3
 Flame Wave               Conj/Fire      0%         2d4       100%        4
 Summon Lightning Spire   Summ/Air       0%         N/A       100%        4
 Alistair's Intoxication  Tmut/Pois      0%         N/A       100%        5
 Silence                  Hex/Air        0%         N/A       100%        5


Dungeon Overview and Level Annotations

Branches:
Dungeon (11/15)            Temple (1/1) D:6            Lair (3/6) D:10
 Shoals (0/4) Lair:2          Orc (0/2) D:9         Ossuary (visited)
  Swamp: Lair:2-4     Snake: Lair:2-4    Spider: Lair:2-4

Altars:
Ashenzari
Cheibriados
Dithmenos
Elyvilon
Fedhas
Gozag
Hepliaklqana
Kikubaaqudgha
Makhleb
Nemelex Xobeh
Okawaru
Qazlal
Ru
Sif Muna
Trog
Uskayaw
Vehumet
Wu Jian
Xom
Yredelemnul
Zin
The Shining One

Shops:
D:3 !   D:4 *

Annotations:
D:7 2 transporters, WNRobin's ghost, novice HOWn
D:10 1 runed translucent door


Innate Abilities, Weirdness & Mutations

((You are very nimble when in or above water. (Stealth+, EV+, Speed+++)))
Your lower body shifts to a powerful aquatic tail in water.
You sometimes lose the ability to read scrolls when taking damage.


Message History

You are too injured to fight recklessly!
You are too injured to fight recklessly!
You cannot read scrolls in your current state!
Unknown command.
You cannot read scrolls in your current state!
Unknown command.
You feel better. The killer bee stings you.
The killer bee stings you but does no damage. x2
The killer bee stings you. The killer bee closely misses you. x2
You cannot read scrolls in your current state!
Okay, then.
Aiming: Paralyse
Press: ? - help, Shift-Dir - straight line, f - killer bee
Aim: a killer bee (berserk, chance to affect: 72%)
The killer bee struggles to resist.
The killer bee closely misses you. The killer bee barely misses you.
The killer bee stings you. The killer bee stings you!
The killer bee closely misses you. x2
Aiming: Paralyse
Press: ? - help, Shift-Dir - straight line, f - killer bee, p - killer bee
Aim: a killer bee (almost dead, berserk, chance to affect: 72%)
The killer bee suddenly stops moving!
The killer bee barely misses you. The killer bee closely misses you.
The killer bee stings you!
* * * LOW HITPOINT WARNING * * *
The killer bee stings you but does no damage.
The killer bee stings you!
* * * LOW HITPOINT WARNING * * *
The queen bee stings you!
* * * LOW HITPOINT WARNING * * *
The killer bee barely misses you.
You feel better. The killer bee stings you.
* * * LOW HITPOINT WARNING * * *
You are poisoned.
The killer bee poisons you!
The killer bee stings you but does no damage.
The killer bee stings you!
* * * LOW HITPOINT WARNING * * *
The killer bee closely misses you.
The killer bee stings you but does no damage.
The queen bee stings you!
You die...

.. #.# * ### #.
#..## , ,
...##.###.#..##
,............# ,
, , .(........#
,* ##.......# ,,
#(.......## , ,
###yy......##
...#..y@.....#.#
...(.(y.††÷†...#
####(#...##†...#
, †(,#######.###
††.*** #†## ..
##.P# * ,! ,
#..## ,, #..###
* #..#.#


You could see a queen bee and 3 killer bees.

Vanquished Creatures
  Erica (Lair:2)
  6 two-headed ogres
  Pikel (D:5)
  A black mamba (Lair:1)
  3 cane toads
  Maggie (D:7)
  Psyche (D:8)
  3 kobold demonologists (D:10)
  A rime drake (Lair:2)
  3 komodo dragons
  A polar bear (Lair:2)
  A troll (D:10)
  5 blink frogs (Lair:2)
  2 basilisks
  2 wraiths
  2 steam dragons
  2 wyverns
  Edmund (D:4)
  4 vampire mosquitoes (D:10)
  An acid dragon (D:6)
  Duvessa (D:5)
  2 water moccasins (Lair:1)
  10 orc warriors
  A necrophage (D:7)
  3 black bears
  A sky beast (D:6)
  3 ice beasts
  2 ogres
  5 centaurs
  4 bullfrogs
  3 kobold brigands
  A scorpion (D:5)
  32 killer bees
  Dowan (D:5)
  A howler monkey (D:5)
  A bullfrog zombie (D:7)
  3 centaur zombies
  A centaur skeleton (D:4)
  2 gnoll shamans
  2 jellies
  Crazy Yiuf (D:4)
  4 orc priests
  2 hounds (D:5)
  3 iguanas
  8 orc wizards
  2 killer bee zombies
  A hound skeleton (D:5)
  8 mummies (Ossuary)
  6 gnolls
  5 adders
  2 howler monkey skeletons
  A shadow imp (D:7)
  2 white imps
  2 adder skeletons (D:4)
  4 worms
  3 dart slugs
  81 orcs
  3 bats (D:1)
  8 endoplasms
  2 giant cockroaches (D:3)
  10 hobgoblins
  6 jackals
  4 quokkas
  4 ball pythons
  4 frilled lizards
  11 goblins
  A goblin zombie (D:4)
  2 hobgoblin zombies (Ossuary)
  13 kobolds
  2 kobold zombies (Ossuary)
  4 orc zombies (Ossuary)
  5 rats
  A rat zombie (D:4)
336 creatures vanquished.

Vanquished Creatures (others)
  6 fungi
  16 plants
22 creatures vanquished.

Grand Total: 358 creatures vanquished

Notes
Turn   | Place    | Note
-------+----------+-------------------------------------------
     0 | D:1      | dolemite99 the Merfolk Gladiator began the quest for the
                  | Orb.
     0 | D:1      | Reached XP level 1. HP: 16/16 MP: 1/1
   544 | D:1      | Reached skill level 5 in Polearms
   550 | D:1      | Reached XP level 2. HP: 21/22 MP: 2/2
   779 | D:1      | Found a faded altar of an unknown god.
   788 | D:1      | Prayed at the altar of an unknown god.
   788 | D:1      | Became a worshipper of Ashenzari the Shackled
   944 | D:1      | Reached skill level 6 in Polearms
   944 | D:1      | Reached XP level 3. HP: 24/27 MP: 3/3
  1810 | D:2      | Reached * piety under Ashenzari
  1987 | D:2      | Identified the Disquisition on Floating Transformation
  1991 | D:2      | Reached XP level 4. HP: 30/33 MP: 4/4
  2044 | D:2      | Reached skill level 7 in Polearms
  2235 | D:2      | Reached ** piety under Ashenzari
  2375 | D:3      | Found Cumotupi's Distillery.
  2383 | D:3      | Bought a potion of curing for 33 gold pieces
  2383 | D:3      | Bought a potion of curing for 33 gold pieces
  2682 | D:3      | Reached skill level 8 in Polearms
  2687 | D:3      | Reached XP level 5. HP: 35/38 MP: 5/5
  2978 | D:3      | Reached skill level 9 in Polearms
  2985 | D:3      | Reached XP level 6. HP: 26/44 MP: 6/6
  3578 | D:4      | Noticed Edmund
  3606 | D:4      | Killed Edmund
  3607 | D:4      | Reached skill level 10 in Polearms
  3837 | D:4      | Noticed a black bear
  3847 | D:4      | Killed a black bear
  3848 | D:4      | Reached skill level 11 in Polearms
  3848 | D:4      | Reached XP level 7. HP: 43/50 MP: 7/7
  3994 | D:4      | Found a sand-covered staircase.
  4001 | Ossuary  | Entered an ossuary
  4777 | D:4      | Reached skill level 1 in Armour
  4885 | D:4      | Found Ciehazel's Fire Supplies.
  5003 | D:4      | Bought a wand of flame (6) for 48 gold pieces
  5005 | D:4      | Bought a ring of fire for 300 gold pieces
  5047 | D:4      | Found a runed translucent door.
  5048 | D:4      | Noticed Crazy Yiuf
  5063 | D:4      | Killed Crazy Yiuf
  5474 | D:5      | Entered Level 5 of the Dungeon
  5542 | D:5      | Reached skill level 12 in Polearms
  5923 | D:5      | Found a white marble altar of Elyvilon.
  5933 | D:5      | Noticed Pikel
  5959 | D:5      | Killed Pikel
  5960 | D:5      | Reached skill level 14 in Polearms
  5960 | D:5      | Reached XP level 8. HP: 47/58 MP: 8/8
  6395 | D:5      | Reached skill level 1 in Evocations
  6631 | D:5      | Noticed Duvessa
  6631 | D:5      | Noticed Dowan
  6638 | D:5      | Killed Duvessa
  6654 | D:5      | Killed Dowan
  7304 | D:6      | Reached XP level 9. HP: 63/63 MP: 9/9
  7365 | D:3      | Bought a potion of curing for 33 gold pieces
  7426 | D:6      | Reached skill level 5 in Evocations
  7507 | D:6      | Found a bloodstained altar of Trog.
  7521 | D:6      | Found a basalt altar of Yredelemnul.
  7789 | D:6      | Found a stormy altar of Qazlal.
  7841 | D:6      | Found a staircase to the Ecumenical Temple.
  8017 | Temple   | Entered the Ecumenical Temple
  8584 | D:7      | Noticed Maggie
  8602 | D:7      | Killed Maggie
  8713 | D:7      | Found a glowing silver altar of Zin.
  8869 | D:7      | Identified a scroll of acquirement
  9174 | D:7      | Found a transporter.
  9185 | D:7      | Found a transporter.
  9187 | D:7      | Noticed WNRobin's ghost (novice HOWn)
  9243 | D:7      | Reached skill level 5 in Fighting
  9256 | D:7      | Reached XP level 10. HP: 53/77 MP: 10/10
 10444 | D:8      | Identified the ring of Jeurup {rPois rN+ Str-2 Int+6}
 10463 | D:8      | Reached *** piety under Ashenzari
 10828 | D:8      | Noticed Psyche
 10832 | D:8      | Killed Psyche
 11996 | D:9      | Noticed a two-headed ogre
 12454 | D:9      | Killed a two-headed ogre
 13111 | D:9      | Noticed a two-headed ogre
 13502 | D:9      | Killed a two-headed ogre
 13503 | D:9      | Reached skill level 15 in Polearms
 13816 | D:9      | Found a shimmering blue altar of Sif Muna.
 14284 | D:9      | Reached XP level 11. HP: 78/86 MP: 11/11
 14293 | D:9      | Reached skill level 16 in Polearms
 14913 | D:9      | Found a staircase to the Orcish Mines.
 15007 | D:10     | Entered Level 10 of the Dungeon
 15122 | D:10     | Found a runed translucent door.
 15130 | D:10     | Identified the +0 leather armour of Uskayaw's Fury {+Blink
                  | SInv}
 15131 | D:10     | Noticed a two-headed ogre
 15131 | D:10     | Noticed a centaur warrior
 15166 | D:10     | Noticed a two-headed ogre
 15197 | D:10     | Killed a two-headed ogre
 15198 | D:10     | Reached skill level 17 in Polearms
 15234 | D:10     | Noticed a two-headed ogre
 15243 | D:10     | Killed a two-headed ogre
 15244 | D:10     | Reached skill level 18 in Polearms
 15439 | D:10     | Found a burning altar of Makhleb.
 15452 | D:10     | Found a staircase to the Lair.
 15577 | D:10     | Noticed a two-headed ogre
 15588 | D:10     | Killed a two-headed ogre
 15910 | D:10     | Noticed a two-headed ogre
 15917 | D:10     | Gained mutation: You sometimes lose the ability to read
                  | scrolls when taking damage. [a neqoxec]
 15930 | D:10     | Killed a two-headed ogre
 16759 | Lair:1   | Entered Level 1 of the Lair of Beasts
 16818 | Lair:1   | Found a broken altar of Ashenzari.
 17858 | Lair:1   | Reached skill level 10 in Fighting
 17917 | Lair:1   | Reached XP level 12. HP: 88/100 MP: 12/12
 18065 | Lair:1   | Identified the +11 war axe of the Hall of Blades {vorpal,
                  | rCorr Int+4}
 18473 | Lair:2   | Reached skill level 5 in Armour
 18662 | Lair:2   | Found a staircase to the Shoals.
 18775 | Lair:2   | Noticed Erica
 18780 | Lair:2   | Killed Erica
 19839 | Lair:3   | Acquired 986 gold pieces
 20019 | Lair:3   | HP: 5/100 [killer bee (12)]
 20019 | Lair:3   | Mangled by a queen bee

Illustrated notes

Levels and vault maps discovered:
D:1:      dpeg_arrival_arbitrary_a, layout_loops_ring, basic_ecumenical_altar
D:2:      layout_loops_cross
D:3:      layout_loops_ring, serial_shops, nicolae_shop_trees,
          hangedman_decor_peaks_small, minmay_misc_feat_doors
D:4:      layout_rooms, enter_ossuary_4, st_stairs_11, minivault_14,
          nicolae_shop_fire_sale [nicolae_sub_dead_trees],
          uniq_crazy_yiuf_cottage, uniq_edmund
D:5:      layout_loops_cross, nicolae_elyvilon_peaceful_grove,
          minmay_misc_feat_rugged, uniq_pikel, uniq_duvessa
D:6:      layout_rooms, mainiacjoe_overflow_tiny_flanked,
          yredelemnul_altar_generic, general_overflow_altar,
          minmay_temple_entry_sparse_star
D:7:      layout_basic, zin_academy, gammafunk_ghost_stat_death, uniq_maggie
D:8:      layout_cave_pods, uniq_psyche
D:9:      layout_rooms, mainiacjoe_overflow_alcove_4, hiddenorc1_lemuel,
          special_room [special_room_orc], hangedman_minor_gate_pass
D:10:     layout_loops_cross, mainiacjoe_overflow_brackets, minmay_st_funbox
D:11:     layout_roguey, guppyfry_shop_earth
Temple:   regret_index_temple_generic_petals
Lair:1:   layout_regular_city, basic_altar
Lair:2:   layout_loops_ring, elwin_shoals_entry_rocks, serial_forest,
          infiniplex_forest_straight_4, infiniplex_forest_end_double,
          infiniplex_forest_clump_double, infiniplex_forest_clump_medium,
          infiniplex_forest_lined_3, infiniplex_forest_zigzag_1,
          infiniplex_forest_fountain, uniq_erica
Lair:3:   layout_small_grid, special_room [special_room_bee]

Skill      XL: |  1  2  3  4  5  6  7  8  9 10 11 12 |
---------------+-------------------------------------+-----
Polearms       | 5 6 8 9 11 14 15 18 | 18.0
Armour         | 1 4 7 |  7.1
Evocations     | 4 6 |  6.1
Fighting       | 5 6 10 | 10.0
Throwing       | 6 |  6.8
Dodging        | |  4.0

Action                   |  1- 3 |  4- 6 |  7- 9 | 10-12 || total
-------------------------+-------+-------+-------+-------++-------
Melee: Trident           |   110 |   210 |   518 |   164 ||  1002
       Punch             |       |     1 |    10 |     4 ||    15
       Glaive            |       |       |       |   399 ||   399
       War axe           |       |       |       |     8 ||     8
Throw: Dart              |       |     2 |    76 |    82 ||   160
       Boomerang         |       |       |     3 |    80 ||    83
Invok: Curse Item        |     2 |     1 |     2 |     1 ||     6
       Shatter the Chain |       |     1 |       |       ||     1
Evoke: Wand              |       |       |       |    10 ||    10
  Use: Potion            |       |     1 |       |     8 ||     9
       Scroll            |       |       |     1 |     6 ||     7
 Stab: Invisible         |       |       |       |     5 ||     5
Armor: Leather armour    |     3 |       |       |       ||     3
       Plate armour      |    73 |    57 |       |       ||   130
       Chain mail        |       |    39 |   172 |   325 ||   536
Dodge: Dodged            |    29 |    58 |   122 |   283 ||   492

Table legend: (Time is in decaauts)
 A = Elapsed time spent in this place.
 B = Non-inter-level travel time spent in this place.
 C = Inter-level travel time spent in this place.
 D = Time resting spent in this place.
 E = Time spent auto-exploring this place.
 F = Levels seen in this place.
 G = Mean time per level.
                   A        B        C        D        E       F      G
               +--------+--------+--------+--------+--------+-----+--------+
         Total |  19623 |  19027 |    596 |   7553 |   7963 |  16 | 1226.4 |
       Dungeon |  15530 |  15014 |    516 |   6209 |   5936 |  11 | 1411.8 |
        Temple |    231 |    204 |     27 |      0 |    192 |   1 |  231.0 |
          Lair |   3201 |   3148 |     53 |   1111 |   1605 |   3 | 1067.0 |
       Ossuary |    659 |    659 |      0 |    233 |    230 |   1 |  659.0 |
               +--------+--------+--------+--------+--------+-----+--------+

Top non-repeatable levels by time:
     D:9: 2383 daAuts
     D:8: 2259 daAuts
     D:5: 1786 daAuts
  Lair:1: 1668 daAuts
     D:1: 1430 daAuts
     D:7: 1317 daAuts
     D:6: 1303 daAuts
     D:3: 1273 daAuts
  Lair:2: 1256 daAuts
     D:4: 1193 daAuts
    D:10: 1155 daAuts
     D:2: 871 daAuts
 Ossuary: 659 daAuts
    D:11: 557 daAuts
  Lair:3: 275 daAuts
